 Dungeon Crawl Stone Soup version 0.30-a0-622-gddc90eaa04 (webtiles) character file.

Game seed: 13730476755916204785

1749 tilp the Blocker (level 9, -1/72 HPs)
             Began as a Meteoran Fighter on Jan 10, 2023.
             Killed from afar by a steam dragon (17 damage)
             ... with a ball of steam
             ... on level 5 of the Dungeon.
             The game lasted 00:11:53 (2449 turns).

tilp the Blocker (Meteoran Fighter)                 Turns: 2449, Time: 00:11:54

Health: -1/72      AC: 12    Str: 17    XL:     9   Next: 51%
Magic:  0/10       EV: 11    Int: 15    God:
Gold:   181        SH:  7    Dex: 17    Spells: 8/8 levels left

rFire   . . .      SeeInvis +    b - +10 dagger "Iraxem" {speed, rC+ Int+5 Dex-2 SInv Stlth+}
rCold   + . .      Faith    .    c - +0 buckler
rNeg    . . .      Spirit   +    n - +0 scale mail
rPois   .          Reflect  .    (no helmet)
rElec   .          Harm     .    d - +2 cloak {Will+}
rCorr   .          Rampage  .    t - +0 pair of gloves
Will    +....                    k - +0 pair of boots
Stlth   +                        e - amulet of guardian spirit
HPRegen 0.32/turn                (no ring)
MPRegen 0.12/turn                (no ring)

@: brilliant, weak-willed, glowing
A: sense surroundings 2, otherworldly, glowing, explore regen
a: no special abilities


You were on level 5 of the Dungeon.
You visited 1 branch of the dungeon, and saw 6 of its levels.

You collected 181 gold pieces.

Inventory:

Hand Weapons
 a - the +10 morningstar "Eos" {elec, Halo rElec}
   (You found it on level 5 of the Dungeon)

   It grants its wielder a halo, revealing invisible creatures and increasing
   accuracy against all within it other than the wielder.
   rElec:     It insulates you from electricity.
 b - the +10 dagger "Iraxem" (weapon) {speed, rC+ Int+5 Dex-2 SInv Stlth+}
   (You found it on level 3 of the Dungeon)

   Int:       It affects your intelligence (+5).
   Dex:       It affects your dexterity (-2).
   rC:        It protects you from cold.
   SInv:      It lets you see invisible.
   Stlth:     It makes you more stealthy.
 o - a +1 vampiric dagger
 p - a +1 dagger of draining
 A - a +0 long sword
 B - the +3 hammer "Keqoa" {heavy, *Rage rElec rN++ SInv}
   (You found it on level 5 of the Dungeon)

   rElec:     It insulates you from electricity.
   rN:        It greatly protects you from negative energy.
   SInv:      It lets you see invisible.
   *Rage:     It berserks you when you make melee attacks (+20% chance).
 C - a +2 quarterstaff of chaos
Missiles
 r - 11 poisoned darts (quivered)
Armour
 c - a +0 buckler (worn)
 d - a +2 cloak of willpower (worn)
 k - a +0 pair of boots (worn)
 m - a +0 cloak
 n - a +0 scale mail (worn)
 t - a +0 pair of gloves (worn)
Jewellery
 e - an amulet of guardian spirit (around neck)
Wands
 u - a wand of flame (45)
 x - a wand of polymorph (9)
Scrolls
 f - 6 scrolls of identify {unknown}
 l - a scroll of acquirement {unknown}
 s - 2 scrolls of poison {unknown}
 v - a scroll of vulnerability
 w - a scroll of magic mapping {unknown}
 y - a scroll of fear {unknown}
Potions
 h - 2 potions of cancellation {unknown}
 i - a potion of curing
 j - 2 potions of berserk rage {unknown}
 q - a potion of haste {unknown}
 z - a potion of degeneration {unknown}


   Skills:
 + Level 4.4 Fighting
 - Level 4.0 Long Blades
 * Level 2.8 Maces & Flails
 + Level 2.9 Throwing
 + Level 4.5 Armour
 + Level 4.4 Dodging
 - Level 2.0 Stealth
 - Level 10.3 Shields
 + Level 2.7 Evocations


You had 8 spell levels left.
You didn't know any spells.
Your spell library contained the following spells:

 Spells                   Type           Power      Damage    Failure   Level
 Beastly Appendage        Tmut           0%         N/A       71%         1
 Wereblood                Tmut           0%         N/A       83%         2
 Spider Form              Tmut/Pois      0%         N/A       97%         3


Dungeon Overview and Level Annotations

Branches:
Dungeon (6/15) Zot: 1252
 Temple: D:4-7

Altars:
Ashenzari
Dithmenos
Kikubaaqudgha
Nemelex Xobeh
Uskayaw
Wu Jian


Innate Abilities, Weirdness & Mutations

You passively map the area around you.
You are easily found by Zot.
You glow in the dark.
You regain HP and MP as you explore.


Message History

You block the steam dragon's attack. x2
You puncture the steam dragon!
The steam dragon is severely wounded.
The steam dragon breathes steam at you. The ball of steam hits you!
* * * LOW HITPOINT WARNING * * *
You closely miss the steam dragon.
The steam dragon is severely wounded.
You are engulfed in a cloud of scalding steam.
* * * LOW HITPOINT WARNING * * *
Unknown command.
You closely miss the steam dragon.
The steam dragon is severely wounded.
You are engulfed in a cloud of scalding steam.
* * * LOW HITPOINT WARNING * * *
The steam dragon bites you but does no damage.
The steam dragon claws you.
* * * LOW HITPOINT WARNING * * *
Unknown command.
Okay, then.
As you read the scroll labelled XAUGYA DUOSTYV, it crumbles to dust.
Magic quickly surges around you.
It was a scroll of vulnerability.
You are engulfed in a cloud of scalding steam.
The steam dragon bites you but does no damage.
The steam dragon claws you but does no damage.
Okay, then.
It was a potion of brilliance.
You feel clever all of a sudden.
You are engulfed in a cloud of scalding steam.
You block the steam dragon's attack. The steam dragon barely misses you.
It was a potion of curing.
You feel better.
The steam dragon bites you but does no damage.
The steam dragon claws you but does no damage.
You hit the steam dragon.
The steam dragon is severely wounded.
You hit the steam dragon.
The steam dragon is almost dead.
The steam dragon breathes steam at you. The ball of steam hits you!!
You die...

#.# , , , #.# * *
*#.# #.# #.# #.#
#$# #.######## #.#
.........# #§#
#.######.# #§# #.#
#.# #.#
#.######>#### #@#
........†...####D##
...............YD.#
########..........#
###..# #..#.#####.#
⌠....# #..#.# ##.##
##..####....# #.#.#
.....8##..#.# ##.##
##..####..#.# #.#


You could see a yak (weak-willed), a steam dragon (catching breath, weak-willed)
and an acid dragon (weak-willed).

Vanquished Creatures
  Sigmund (D:4)
  A yak (D:5)
  A water moccasin (D:6)
  A black bear (D:5)
  A centaur (D:5)
  3 ogres
  2 scorpions (D:4)
  3 necrophages
  6 hounds
  A jelly (D:6)
  Crazy Yiuf (D:5)
  4 iguanas
  2 orc wizards (D:5)
  3 gnolls (D:5)
  6 adders
  3 ufetubi
  3 worms (D:4)
  A dart slug (D:2)
  14 orcs
  8 ball pythons
  7 endoplasms
  4 giant cockroaches
  5 goblins
  3 hobgoblins
  3 jackals (D:4)
  9 quokkas
  5 bats
  A frilled lizard (D:1)
  11 kobolds
  3 rats
116 creatures vanquished.

Vanquished Creatures (others)
  A withered plant (D:5)
1 creature vanquished.

Grand Total: 117 creatures vanquished

Notes
Turn   | Place    | Note
-------+----------+-------------------------------------------
     0 | D:1      | tilp the Meteoran Fighter began the quest for the Orb.
     0 | D:1      | Reached XP level 1. HP: 19/19 MP: 2/2
    73 | D:1      | Reached XP level 2. HP: 25/26 MP: 3/3
    97 | D:1      | Reached skill level 1 in Dodging
   192 | D:1      | Found a faded altar of an unknown god.
   202 | D:1      | Reached XP level 3. HP: 29/31 MP: 4/4
   371 | D:2      | You fall into a shaft and drop 2 floors!
   445 | D:3      | Reached XP level 4. HP: 38/38 MP: 5/5
   448 | D:3      | Identified the +10 dagger "Iraxem" {speed, rC+ Int+5 Dex-2
                  | SInv Stlth+}
   818 | D:3      | Reached skill level 4 in Shields
   818 | D:3      | Reached XP level 5. HP: 46/46 MP: 6/6
   915 | D:4      | Reached skill level 1 in Stealth
   934 | D:4      | Noticed Sigmund
   942 | D:4      | Killed Sigmund
   943 | D:4      | Reached skill level 1 in Throwing
   943 | D:4      | Reached XP level 6. HP: 50/52 MP: 5/7
   960 | D:4      | Found a shadowy altar of Dithmenos.
  1077 | D:4      | Reached XP level 7. HP: 57/59 MP: 6/8
  1086 | D:5      | Entered Level 5 of the Dungeon
  1090 | D:5      | Found a hide-covered altar of Uskayaw.
  1362 | D:4      | Found a sparkling altar of Nemelex Xobeh.
  1512 | D:4      | Reached skill level 5 in Shields
  1673 | D:4      | Reached skill level 6 in Shields
  1673 | D:4      | Reached XP level 8. HP: 24/66 MP: 3/9
  1734 | D:5      | Reached skill level 7 in Shields
  1847 | D:6      | Reached skill level 8 in Shields
  1868 | D:6      | Reached skill level 9 in Shields
  1869 | D:6      | Noticed a steam dragon
  1870 | D:6      | Noticed a shadow
  1873 | D:6      | Gained mutation: You passively map the area around you.
                  | [Meteoran growth]
  1873 | D:6      | Reached XP level 9. HP: 18/71 MP: 6/10
  1929 | D:5      | Found an ornate altar of the Wu Jian Council.
  1930 | D:5      | Found a broken altar of Ashenzari.
  1965 | D:5      | Reached skill level 10 in Shields
  2023 | D:5      | Found a runed translucent door.
  2023 | D:5      | Found the +10 morningstar "Eos" {elec, Halo rElec}
  2024 | D:5      | Noticed Crazy Yiuf
  2032 | D:5      | Killed Crazy Yiuf
  2037 | D:5      | Identified the +3 hammer "Keqoa" {heavy, *Rage rElec rN++
                  | SInv}
  2172 | D:5      | Reached skill level 1 in Maces & Flails
  2263 | D:5      | Found an ancient bone altar of Kikubaaqudgha.
  2449 | D:5      | Killed from afar by a steam dragon

Illustrated notes

Levels and vault maps discovered:
D:1:      saegor_arrival_simple_b, layout_loops_cross,
          dreamdust_ecumenical_altar_grove, serial_bayou_pond_d
D:2:      layout_basic, basic_altar
D:3:      layout_loops_corners, kennysheep_okawaru_gauntlet,
          minmay_goblin_kobold_house
D:4:      minmay_diamond_boxcup, layout_gridville,
          nicolae_dithmenos_the_darkroom, nemelex_dance_club_becter,
          uniq_sigmund
D:5:      layout_loops_ring, kiku_gazebo_garden_becter,
          nicolae_uskayaw_murder_on_the_dancefloor, minitemple, uniq_grinder,
          uniq_crazy_yiuf_cottage
D:6:      cheibrodos_fzero, layout_loops_ring, patterned_corridor

Skill      XL: |  1  2  3  4  5  6  7  8  9 |
---------------+----------------------------+-----
Dodging        | 1 2 3 4 |  4.4
Long Blades    | 3 4 |  4.0
Armour         | 4 |  4.5
Shields        | 4 6 9 10 | 10.3
Stealth        | 1 2 |  2.0
Fighting       | 4 |  4.4
Throwing       | 1 2 |  2.9
Evocations     | 2 |  2.7
Maces & Flails | 2 |  2.8

Action                   |  1- 3 |  4- 6 |  7- 9 || total
-------------------------+-------+-------+-------++-------
Melee: Long sword        |    68 |       |       ||    68
       Dagger            |       |    67 |   237 ||   304
Throw: Dart              |       |       |     4 ||     4
       Stone             |       |       |     1 ||     1
  Use: Potion            |       |       |     3 ||     3
       Scroll            |       |       |     1 ||     1
Armor: Scale mail        |    37 |    21 |    69 ||   127
Dodge: Dodged            |    24 |    15 |    57 ||    96
Block: Buckler           |    16 |    10 |    45 ||    71

Table legend: (Time is in decaauts)
 A = Elapsed time spent in this place.
 B = Non-inter-level travel time spent in this place.
 C = Inter-level travel time spent in this place.
 D = Time resting spent in this place.
 E = Time spent auto-exploring this place.
 F = Levels seen in this place.
 G = Mean time per level.
                   A        B        C        D        E       F      G
               +--------+--------+--------+--------+--------+-----+--------+
         Total |   2347 |   1806 |    541 |      0 |      0 |   6 |  391.2 |
       Dungeon |   2347 |   1806 |    541 |      0 |      0 |   6 |  391.2 |
               +--------+--------+--------+--------+--------+-----+--------+

Top non-repeatable levels by time:
     D:4: 682 daAuts
     D:5: 677 daAuts
     D:3: 426 daAuts
     D:1: 255 daAuts
     D:2: 245 daAuts
     D:6: 60 daAuts
